 Dungeon Crawl Stone Soup version 0.29-a0-998-g1987434951 (webtiles) character file.

Game seed: 2742896795644318746

68 xian the Vexing (level 4, -9/33 HPs)
             Began as a Barachi Arcane Marksman on Aug 6, 2022.
             Killed by nerve-wracking pain
             ... invoked by an orc priest
              (10 damage)
             ... on level 3 of the Dungeon.
             The game lasted 00:05:31 (2126 turns).

xian the Vexing (Barachi Arcane Marksman)           Turns: 2126, Time: 00:05:32

Health: -9/33      AC:  6    Str: 12    XL:     4   Next: 19%
Magic:  6/6        EV: 11    Int: 13    God:
Gold:   66         SH:  3    Dex: 14    Spells: 4/5 levels left

rFire   . . .      SeeInvis .   i - +0 dagger
rCold   . . .      Faith    .   l - +0 buckler
rNeg    . . .      Spirit   .   n - +0 leather armour
rPois   .          Reflect  .   (no helmet)
rElec   .          Harm     .   j - +0 cloak
rCorr   .          Rampage  .   f - +1 pair of gloves
Will    .....                   (no boots)
Stlth   +.........              (no amulet)
HPRegen 0.11/turn               (no ring)
MPRegen 0.10/turn               (no ring)

@: hasted, very quick
A: amphibious, slowness 1, strong legs 1, +LOS
a: Hop


You were on level 3 of the Dungeon.
You visited 1 branch of the dungeon, and saw 4 of its levels.

You collected 66 gold pieces.

Inventory:

Hand Weapons
 a - a +1 sling
 i - a +0 dagger (weapon)
Armour
 f - a +1 pair of gloves (worn)
 j - a +0 cloak (worn)
 l - a +0 buckler (worn)
 n - a +0 leather armour (worn)
Scrolls
 b - 2 scrolls of vulnerability
 g - a scroll of magic mapping
 k - a scroll of blinking
Potions
 e - a potion of curing {unknown}
 m - a potion of attraction
 o - a potion of brilliance {unknown}


   Skills:
 * Level 2.1 Fighting
 + Level 0.2 Short Blades
 * Level 3.4 Ranged Weapons
 * Level 2.5 Dodging
 + Level 0.2 Stealth
 * Level 1.4 Spellcasting
 + Level 3.4 Hexes


You had 4 spell levels left.
You knew the following spells:

 Your Spells              Type           Power      Damage    Failure   Level
a - Slow                  Hex            36%        N/A       12%         1

Your spell library contained the following spells:

 Spells                   Type           Power      Damage    Failure   Level
 Dazzling Flash           Conj/Hex       10%        N/A       56%         3
 Inner Flame              Hex/Fire       5%         N/A       56%         3
 Portal Projectile        Hex/Tloc       10%        N/A       56%         3
 Cause Fear               Hex            4%         N/A       75%         4
 Agony                    Necr           0%         N/A       100%        5
 Silence                  Hex/Air        2%         N/A       100%        5


Dungeon Overview and Level Annotations

Branches:
Dungeon (4/15)
 Temple: D:4-7

Altars:


Innate Abilities, Weirdness & Mutations

You are amphibious.
You cover ground slowly.
You can hop short distances.
You have an extended range of vision and can be seen from far away.


Message History

The orc priest completely misses you.
You barely miss the orc priest.
The orc priest is heavily wounded.
You hit the orc priest but do no damage.
The orc priest is heavily wounded.
The orc priest hits you with a +0 short sword.
* * * LOW HITPOINT WARNING * * *
You hit the orc priest but do no damage.
The orc priest is heavily wounded.
The orc priest hits you but does no damage.
You hit the orc priest but do no damage.
The orc priest is heavily wounded.
The orc priest hits you but does no damage.
The orc priest hits you with a +0 short sword.
* * * LOW HITPOINT WARNING * * *
You barely miss the orc priest.
The orc priest is heavily wounded.
The orc priest hits you but does no damage.
You hit the orc priest but do no damage.
The orc priest is heavily wounded.
The orc priest mumbles some strange prayers to Beogh against you.
Pain shoots through your body!
* * * LOW HITPOINT WARNING * * *
You hit the orc priest but do no damage.
The orc priest is heavily wounded.
The orc priest misses you.
Okay, then.
You aren't carrying any items that you can evoke.
Unknown command.
It was a potion of attraction.
You feel attractive to monsters.
The orc priest looks braver for a moment.
It was a potion of cancellation.
Your magical effects are unravelling.
You feel magically purged. The orc priest barely misses you.
You feel less attractive to monsters.
It was a potion of haste.
You feel yourself speed up.
The orc priest mumbles some strange prayers to Beogh against you.
Pain shoots through your body!
You die...

#####
##.#.#......#
###........#
###.###### #.#.##
#.###.## ##.#
##.###.##### #.##
##.†......#
##..#####.##
##.###.###.#
.......o@#.###.#.#
....#####.#.#.#.##
##.#.#.## ##.#.##
##.## #.# #+#


You could see an orc priest.

Vanquished Creatures
  An adder (D:2)
  4 orcs (D:3)
  5 bats
  6 endoplasms
  2 giant cockroaches (D:3)
  6 hobgoblins
  4 jackals (D:1)
  2 quokkas (D:1)
  4 ball pythons
  3 frilled lizards (D:1)
  4 goblins
  5 kobolds (D:1)
  2 rats (D:1)
48 creatures vanquished.

Notes
Turn   | Place    | Note
-------+----------+-------------------------------------------
     0 | D:1      | xian the Barachi Arcane Marksman began the quest for the
                  | Orb.
     0 | D:1      | Reached XP level 1. HP: 15/15 MP: 2/2
   523 | D:1      | Reached XP level 2. HP: 19/21 MP: 3/3
  1001 | D:1      | Found a faded altar of an unknown god.
  1025 | D:1      | Reached XP level 3. HP: 27/27 MP: 3/5
  1735 | D:2      | You fall into a shaft and drop 2 floors!
  1961 | D:3      | Reached XP level 4. HP: 33/33 MP: 6/6
  2122 | D:3      | HP: 1/33 [orc priest/nerve-wracking pain (2)]
  2126 | D:3      | Killed from afar by an orc priest

Illustrated notes

Levels and vault maps discovered:
D:1:      mushboom_english_gardens, layout_loops_corners,
          hellmonk_ecumenical_altar_crossroads,
          nicolae_concentric_dashed_squares_mild
D:2:      layout_loops_cross, basic_altar, mrwooster_statue_mirror,
          minmay_ruptured
D:3:      layout_loops_corners, minmay_rat_hole, uniq_jessica
D:4:      layout_loops_ring

Skill      XL: |  1  2  3 |
---------------+----------+-----
Fighting       | 2 |  2.1
Ranged Weapons | 3 |  3.4
Short Blades   | |  0.2
Dodging        | |  2.5
Stealth        | |  0.2
Spellcasting   | |  1.4
Hexes          | |  3.4

Action                   |  1- 3 |  4- 6 || total
-------------------------+-------+-------++-------
Melee: Dagger            |    20 |    19 ||    39
 Fire: Sling             |   144 |    28 ||   172
 Cast: Slow              |     2 |       ||     2
  Use: Potion            |       |     3 ||     3
       Scroll            |       |     2 ||     2
Armor: Robe              |    65 |       ||    65
       Leather armour    |     2 |    19 ||    21
Dodge: Dodged            |   130 |    15 ||   145
Block: Buckler           |     6 |    10 ||    16

Table legend: (Time is in decaauts)
 A = Elapsed time spent in this place.
 B = Non-inter-level travel time spent in this place.
 C = Inter-level travel time spent in this place.
 D = Time resting spent in this place.
 E = Time spent auto-exploring this place.
 F = Levels seen in this place.
 G = Mean time per level.
                   A        B        C        D        E       F      G
               +--------+--------+--------+--------+--------+-----+--------+
         Total |   2406 |   2378 |     28 |      0 |   1897 |   4 |  601.5 |
       Dungeon |   2406 |   2378 |     28 |      0 |   1897 |   4 |  601.5 |
               +--------+--------+--------+--------+--------+-----+--------+

Top non-repeatable levels by time:
     D:1: 1752 daAuts
     D:3: 324 daAuts
     D:2: 199 daAuts
     D:4: 128 daAuts
